cohdb
Replays
Latest Replays
All Replays
Popular Replays
Top Player Replays
Match Explorer
How It Works
Community
CoH3 Stats
Reddit
Sign in to upload your games and track your stats! →
Sign in with Steam
Match 47217581
Unlisted
Match 47217581
Overview
Messages
Build Orders
End
Construct Barracks
Riflemen Squad
Riflemen Squad
M1 Mortar Team
Air Support Center
Construct Medical Station
Grasshopper Recon Run
Construct Weapon Support Center
M3 Armored Personnel Carrier
Selects Heavy Weapons
Selects Assault Carriers
Selects Exchangeable Parts
P-47 Strafing Run
M3 Assault Carrier
Grasshopper Recon Run
1⁄4-ton 4x4 Truck
Double Sortie
M1919 Machine Gun Team
Grasshopper Recon Run
Engineer Squad
Air Supply
P-47 Strafing Run
P-47 Dive Bomb
M3 Assault Carrier
Grasshopper Recon Run
P-47 Strafing Run
Bazooka Squad
Bazooka Squad
Improved M9 Bazooka Rockets
P-47 Strafing Run
P-47 Dive Bomb
M1918 Browning Automatic Rifles
Grasshopper Recon Run
P-47 Strafing Run
P-47 Dive Bomb
Boneless
Arwootarch
BazookaJoe
Boop
哎呀妈呀
不可抱萌物
0
0
Comments
sign in to comment!
No comments posted yet!